 Dungeon Crawl Stone Soup version 0.31-a0-204-g7da18cac08 (webtiles) character file.

Game seed: 15096641544278806790

120 qw the Skirmisher (level 4, -2/25 HPs)
             Began as a Deep Elf Hunter on June 27, 2023.
             Slain by a black bear (5 damage)
             ... on level 3 of the Dungeon.
             The game lasted 00:00:43 (2237 turns).

qw the Skirmisher (Deep Elf Hunter)                 Turns: 2237, Time: 00:00:44

Health: -2/25      AC:  7    Str: 10    XL:     4   Next: 75%
Magic:  6/6        EV: 13    Int: 14    God:
Gold:   95         SH:  0    Dex: 18    Spells: 3/3 levels left

rFire   . . .        Y - +1 shortbow
rCold   + . .        (shield currently unavailable)
rNeg    . . .        h - +2 robe {rC+}
rPois   .            a - +1 helmet
rElec   .            (no cloak)
rCorr   .            (no gloves)
SInv    .            g - +0 pair of boots
Will    .....        (no amulet)
Stlth   ++           (no ring)
HPRegen 0.24/turn    (no ring)
MPRegen 0.10/turn

%: no passive effects
@: no status effects
A: no striking features
a: no special abilities


You were on level 3 of the Dungeon.
You visited 1 branch of the dungeon, and saw 4 of its levels.

You collected 95 gold pieces.


   Skills:
 - Level 1.5 Fighting
 - Level 8.0 Ranged Weapons
 + Level 2.7 Dodging
 - Level 1.2 Stealth


You had 3 spell levels left.
You didn't know any spells.
Your spell library was empty.

Inventory:

Hand Weapons
 Y - a +1 shortbow (weapon)
Armour
 a - a +1 helmet (worn)
 d - a +0 ring mail
 g - a +0 pair of boots (worn)
 h - a +2 robe of cold resistance (worn)
Scrolls
 c - a scroll of identify
Potions
 i - a potion of might
 j - 2 potions of curing
 k - a potion of haste {unknown}
 l - a potion of mutation {unknown}

Dungeon Overview and Level Annotations

Branches:
Dungeon (4/15)
 Temple: D:4-7

Altars:


Message History

The black bear claws you but does no damage. x2
You climb upwards.
There is a stone staircase leading down here.
You shoot an arrow. The arrow hits the black bear.
The black bear is severely wounded.
The kobold hits you but does no damage. The black bear misses you.
The black bear claws you but does no damage. x2
You shoot an arrow. The arrow hits the black bear.
The black bear is severely wounded.
The kobold hits you but does no damage.
The black bear bites you but does no damage.
The black bear claws you but does no damage.
The black bear closely misses you.
You shoot an arrow. The arrow hits the black bear.
The black bear is severely wounded.
The kobold hits you with a +0 dagger. The black bear bites you.
The black bear barely misses you.
The black bear claws you but does no damage.
You shoot an arrow.
The arrow closely misses the black bear.
The kobold barely misses you.
The black bear goes berserk!
You shoot an arrow. The arrow barely misses the black bear.
The black bear misses you.
The black bear claws you but does no damage.
The black bear closely misses you. The kobold hits you but does no damage.
You shoot an arrow. The arrow barely misses the black bear.
The black bear bites you but does no damage.
The black bear claws you. The black bear closely misses you.
The kobold closely misses you. The black bear closely misses you.
The black bear misses you. The black bear claws you.
You shoot an arrow. The arrow barely misses the black bear.
The black bear barely misses you. x3; The kobold hits you but does no damage.
You shoot an arrow.
The arrow hits the black bear but does no damage.
The black bear is severely wounded.
The black bear bites you! The black bear closely misses you.
The black bear claws you but does no damage.
The kobold closely misses you. The black bear misses you.
The black bear claws you.
You die...

.###.#...............###.#.......
.....#....######.###.#.....######
.##..#.##.....##.# #......[..#...
...).#.######..#.#####.#######.##
####.#.# ##.........# #... #.#.#
#.........########.. ###.#.##
##........##........ #......#
#.K......##........
#.#.#..#######h@......##........
#...#.................##########
######.................#
#......................#
.......................#
##.##..................#
8#.##..................#
.#.##..........#########
.#.##..........#


You could see a black bear (berserk) and a kobold.

Vanquished Creatures
  An orc priest (D:3)
  An orc wizard (D:3)
  2 adders (D:3)
  2 dart slugs
  2 orcs (D:3)
  7 bats
  3 endoplasms
  A giant cockroach (D:1)
  5 goblins
  5 hobgoblins
  7 ball pythons
  2 kobolds
  3 rats
41 creatures vanquished.

Notes
Turn   | Place    | Note
-------+----------+-------------------------------------------
     0 | D:1      | qw the Deep Elf Hunter began the quest for the Orb.
     0 | D:1      | Reached XP level 1. HP: 12/12 MP: 3/3
     0 | D:1      | 0 ||| qw: Version: 0.3-a-22-g0ed2b0b
     0 | D:1      | 0 ||| qw: Game counter: 6476
     0 | D:1      | 0 ||| qw: Melee chars always use a shield: true
     0 | D:1      | 0 ||| qw: God list: Okawaru
     0 | D:1      | 0 ||| qw: Allow faded altars: false
     0 | D:1      | 0 ||| qw: Do Orc after clearing Dungeon:15 true
     0 | D:1      | 0 ||| qw: Do second Lair branch before Depths: true
     0 | D:1      | 0 ||| qw: Lair rune preference: random
     0 | D:1      | 0 ||| qw: Goals: Normal
     0 | D:1      | 0 ||| PLANNING D:1-11
   150 | D:1      | Reached XP level 2. HP: 16/16 MP: 4/4
   168 | D:1      | Reached skill level 6 in Ranged Weapons
   638 | D:1      | 638 ||| UPGRADING to +0 pair of boots.
   643 | D:1      | 643 ||| UPGRADING to +2 robe of cold resistance.
   653 | D:1      | 653 ||| DROPPING +0 leather armour.
   654 | D:1      | 654 ||| READING scroll labelled FIKUIPAFYT.
   655 | D:1      | 655 ||| READING scroll labelled KEAF ALIAFUREL.
   656 | D:1      | 656 ||| READING scroll labelled YTYRCH YTZOWKO.
   657 | D:1      | 657 ||| DROPPING scroll of butterflies.
   835 | D:2      | Reached XP level 3. HP: 20/20 MP: 5/5
  1315 | D:2      | 1315 ||| UPGRADING to +0 helmet.
  1320 | D:2      | 1320 ||| READING 3 scrolls labelled HIVUESHR POMUAQ.
  1421 | D:2      | 1421 ||| READING 5 scrolls labelled VETHAI ABACO.
  1422 | D:2      | 1422 ||| READING scroll labelled BIECUEMUCU.
  1423 | D:2      | 1423 ||| DRINKING 2 white potions.
  1424 | D:2      | 1424 ||| READING 4 scrolls of identify.
  1424 | D:2      | 1424 ||| IDENTIFYING amethyst potion
  1425 | D:2      | 1425 ||| READING 3 scrolls of identify.
  1425 | D:2      | 1425 ||| IDENTIFYING viscous orange potion
  1426 | D:2      | 1426 ||| READING 2 scrolls of identify.
  1426 | D:2      | 1426 ||| IDENTIFYING pink potion
  1427 | D:2      | 1427 ||| DROPPING 2 scrolls of silence.
  1428 | D:2      | 1428 ||| DROPPING potion of brilliance.
  1510 | D:3      | Reached skill level 7 in Ranged Weapons
  1737 | D:3      | Reached XP level 4. HP: 21/25 MP: 6/6
  1772 | D:3      | HP: 3/25 [orc wizard/magic dart (5)]
  1773 | D:3      | 1773 ||| DRINKING potion of heal wounds.
  1783 | D:3      | Reached skill level 8 in Ranged Weapons
  1870 | D:3      | Found a faded altar of an unknown god.
  2128 | D:3      | 2128 ||| READING scroll of enchant armour.
  2128 | D:3      | 2128 ||| ENCHANTING +0 helmet.
  2214 | D:3      | 2214 ||| READING scroll labelled AZUOMU ZEINA.
  2221 | D:4      | Noticed a black bear
  2228 | D:4      | 2228 ||| STAIRDANCE
  2237 | D:3      | HP: 3/25 [black bear (7)]
  2237 | D:3      | Slain by a black bear

Levels and vault maps discovered:
D:1:      lemuel_arrival_cross, layout_loops_cross
D:2:      layout_basic
D:3:      layout_basic, shapermc_ecumenical_altar_pompeii
D:4:      gammafunk_cloud_chamber, layout_cave_pools,
          minmay_temple_entry_antechambers

Skill      XL: |  1  2  3  4 |
---------------+-------------+-----
Ranged Weapons | 6 7 8 |  8.0
Fighting       | |  1.5
Dodging        | |  2.7
Stealth        | |  1.2

Action                     |  1- 3 |  4- 6 || total
---------------------------+-------+-------++-------
   Fire: Shortbow          |    89 |    42 ||   131
    Use: Scroll            |     9 |     2 ||    11
         Potion            |     1 |     1 ||     2
 Armour: Leather armour    |     1 |       ||     1
         Robe              |     2 |    22 ||    24
  Dodge: Dodged            |     8 |    40 ||    48

Table legend:
 A = Non-vault XP
 B = Vault XP
 C = Vault XP percentage of total XP
 D = Non-vault monster count
 E = Vault monster count
 F = Vault count percentage of total count
                 A         B        C        D         E       F
            +---------+---------+-------+---------+---------+-------
      Total |     172 |       0 |   0.0 |      41 |       0 |   0.0
            +---------+---------+-------+---------+---------+-------
        D:1 |      31 |       0 |   0.0 |      18 |       0 |   0.0
        D:2 |      19 |       0 |   0.0 |       9 |       0 |   0.0
        D:3 |     122 |       0 |   0.0 |      14 |       0 |   0.0
            +---------+---------+-------+---------+---------+-------
